 Dungeon Crawl Stone Soup version 0.26-a0-651-gb41185065b (webtiles) character file.

Game seed: 6823515938201940401

238776 Flugslaktarn the Severer (level 18, -18/160 HPs)
             Began as a Deep Dwarf Fighter on Oct 26, 2020.
             Was the Champion of Makhleb.
             Killed from afar by a red draconian annihilator (70 damage)
             ... with a crystal spear
             ... on level 5 of the Abyss.
             The game lasted 00:18:40 (19409 turns).

Flugslaktarn the Severer (Deep Dwarf Fighter)      Turns: 19409, Time: 00:18:41

Health: -18/160    AC: 24    Str: 21 (23) XL:     18   Next: 57%
Magic:  5/5        EV: 15    Int:  7 (13) God:    Makhleb [******]
Gold:   119        SH: 13    Dex: 15      Spells: 17/17 levels left

rFire    + . .     SeeInvis +   a - +3 broad axe (vamp)
rCold    + . .     Faith    .   J - +0 kite shield
rNeg     + . .     Spirit   .   A - +2 plate armour {rF+}
rPois    +         Reflect  .   H - +1 hat {SInv}
rElec    +         Harm     .   P - +2 cloak {rPois}
rCorr    .         Rampage  .   E - +2 pair of gloves
MR       ++...                  p - +1 pair of boots
Stlth    ..........             L - amulet of the acrobat
HPRegen  0.00/turn              s - ring of Adaekuetz {rElec rC+ Int+2 Slay+3 SInv}
MPRegen  0.09/turn              v - +4 ring of evasion

@: lethally poisoned (-18 -> -18), non-regenerating, badly diseased
A: damage resistance, heal wounds, hooves 1, [blurry vision 2], clever 1, clumsy
1, deformed body, [frail 2], low mp 1, negative energy resistance 1, sense
surroundings 3, robust 1, wild magic 1, no regeneration
}: 2/15 runes: serpentine, barnacled
a: Heal Wounds, Minor Destruction, Lesser Servant of Makhleb, Major Destruction,
Greater Servant of Makhleb, Renounce Religion


You were on level 5 of the Abyss.
You worshipped Makhleb.
Makhleb was exalted by your worship.
You visited 4 branches of the dungeon, and saw 27 of its levels.
You visited the Abyss 2 times.
You also visited: Sewer.

You collected 2076 gold pieces.
You spent 1957 gold pieces at shops.

Inventory:

Hand Weapons
 a - a +3 vampiric broad axe (weapon)
   (You took it off a human on level 14 of the Dungeon)
 b - a +1 scimitar of distortion
   (You took it off Maggie on level 8 of the Dungeon)
Missiles
 i - 2 throwing nets (quivered)
Armour
 f - a scarf of resistance
   (You found it on level 2 of the Dungeon)
 p - a +1 pair of boots (worn)
   (You found it on level 9 of the Dungeon)
 A - a +2 plate armour of fire resistance (worn)
   (You took it off an orc warrior on level 8 of the Dungeon)
 E - a +2 pair of gloves (worn)
   (You found it on level 8 of the Dungeon)
 H - a +1 hat of see invisible (worn)
   (You took it off Gastronok on level 10 of the Dungeon)
 J - a +0 kite shield (worn)
 P - a +2 cloak of poison resistance (worn)
   (You took it off Crazy Yiuf on level 4 of the Dungeon)
Jewellery
 c - an uncursed ring of protection from magic {unknown}
   (You found it on level 4 of the Abyss)
 o - an uncursed ring of poison resistance
   (You found it on level 10 of the Dungeon)
 s - the ring of Adaekuetz (left hand) {rElec rC+ Int+2 Slay+3 SInv}
   (You bought it in a shop on level 1 of the Snake Pit)

   [ring of protection from cold]

   It affects your intelligence (+2).
   It affects your accuracy and damage with ranged weapons and melee attacks
   (+3).
   It protects you from cold.
   It insulates you from electricity.
   It lets you see invisible.
 v - a +4 ring of evasion (right hand)
   (You found it on level 4 of the Lair of Beasts)
 L - an amulet of the acrobat (around neck)
   (You found it on level 11 of the Dungeon)
Wands
 g - a wand of digging (5)
   (You took it off an orc wizard on level 8 of the Dungeon)
 m - a wand of iceblast (10)
   (You found it on level 4 of the Shoals)
 I - a wand of enslavement (9)
   (You took it off Urug on level 10 of the Dungeon)
Scrolls
 j - 3 scrolls of fear
 l - 4 scrolls of magic mapping
 r - 7 scrolls of identify
 t - 8 scrolls of teleportation
 x - 7 scrolls of remove curse
 D - 4 scrolls of fog
 M - a scroll of holy word
 N - 3 scrolls of immolation
Potions
 d - 3 potions of might
 e - 3 potions of flight
 h - 10 potions of haste
 n - 3 potions of resistance
 q - 8 potions of curing
 u - a potion of invisibility
 w - 3 potions of heal wounds
 y - 2 potions of mutation
 B - a potion of ambrosia
 G - a potion of cancellation
 K - 3 potions of berserk rage
 O - 4 potions of lignification
Miscellaneous
 C - a tin of tremorstones (2/3)
   (You bought it in a shop on level 1 of the Snake Pit)
 F - a condenser vane (2/2)
   (You bought it in a shop on level 1 of the Snake Pit)


   Skills:
 + Level 15.1 Fighting
 * Level 19.6 Axes
 + Level 14.7 Armour
 - Level 9.6 Dodging
 + Level 11.9 Shields
 - Level 15.0 Invocations
 - Level 10.0 Evocations


You had 17 spell levels left.
You didn't know any spells.
Your spell library was empty.

Dungeon Overview and Level Annotations

Branches:
Dungeon (15/15)            Temple (0/1) D:7            Lair (4/6) D:8
 Shoals (4/4) Lair:4        Snake (4/4) Lair:4          Orc (0/2) D:10
 Vaults (0/5) D:14         Depths (0/5) D:15          Sewer (visited)

Altars:
Ashenzari
Elyvilon
Fedhas
Gozag
Hepliaklqana
Makhleb
Sif Muna
Trog
Wu Jian
Xom
Yredelemnul
Zin
The Shining One

Shops:
D:5 *   D:7 ?[!   D:13 !   Snake:1 (=}}

Annotations:
Lair:3 1 runed translucent door
Snake:1 Roxanne


Innate Abilities, Weirdness & Mutations

You are resistant to damage.
You can heal yourself by infusing magical energy.
You resist negative energy. (rN+)
You passively map a large area around you.
You do not regenerate.
You have large cloven feet.
Your mind is acute. (Int +2)
You are clumsy. (Dex -2)
Armour fits poorly on your strangely shaped body.
Your magical capacity is low. (-10% MP)
You are robust. (+10% HP)
Your spells are a little harder to cast, but a little more powerful.
[Scrolls take you longer to read.]
[You are very frail. (-20% HP)]


Message History

* * * LOW HITPOINT WARNING * * *
The neqoxec gestures at you.
Strange energies course through your body.
You feel less energetic. The shadow imp closely misses you.
The nagaraja misses you.
You are too injured to fight recklessly!
You are too injured to fight recklessly!
You are too injured to fight recklessly!
You are too injured to fight recklessly!
You are too injured to fight recklessly!
You are too injured to fight recklessly!
You closely miss the neqoxec.
The neqoxec is heavily wounded.
You slash the shadow imp!
You kill the shadow imp!
You hit the red draconian annihilator.
You feel better.
The crimson imp blinks!
You block the nagaraja's attack.
The red draconian annihilator casts a spell at you.
The crystal spear hits you!!!!
You die...

#... . # . #
###. . #.
.## # .. ..
. . .. # .#.
.... #. #. .
.. . # # #
..# #. .§#
##.∩#### #
.#.Nq@# D.
##..§.3# . .
#....#.#
##...5.#..5#
...## .#..#
# .# .....#
. .# .... ..
#.... # # ..


You could see a nagaraja (fast), a red draconian annihilator, a neqoxec and 2
crimson imps.

Vanquished Creatures
  2 bone dragons
  A hellephant (Abyss:4)
  A Hell Sentinel (Abyss:4)
  A tentacled monstrosity (Abyss:4)
  A lich (Abyss:4)
  Polyphemus (Shoals:2)
  A kraken (Shoals:4)
  3 tentacled starspawn (Abyss:4)
  An azure jelly (shapeshifter) (Abyss:5)
  5 nagarajas (Snake:4)
  A draconian scorcher (Abyss:4)
  A deep elf sorcerer (Abyss:4)
  A cacodemon (Abyss:4)
  A draconian shifter (Abyss:4)
  4 very ugly things (Abyss:4)
  A deep elf demonologist (Abyss:4)
  An entropy weaver (Abyss:5)
  Nessos (D:13)
  A lorocyproca (Abyss:4)
  4 merfolk javelineers (Shoals:4)
  6 merfolk impalers (Shoals:4)
  2 great orbs of eyes (Abyss:4)
  9 naga warriors
  A yaktaur captain (D:15)
  3 vault guards (D:14)
  A hydra (D:15)
  Erolcha (D:10)
  8 anacondas
  An alligator snapping turtle (Shoals:4)
  A satyr (Shoals:4)
  2 catoblepae
  3 merfolk avatars (Shoals:4)
  6 two-headed ogres
  4 centaur warriors
  A death knight (Abyss:4)
  2 merfolk aquamancers (Shoals:4)
  2 death yaks (Shoals:2)
  14 naga sharpshooters
  2 thrashing horrors
  Urug (D:10)
  Nergalle (D:10)
  9 wretched stars
  A sun demon (Abyss:4)
  A soul eater (Abyss:4)
  3 skeletal warriors
  22 large abominations
  4 sea snakes
  A flayed ghost (D:15)
  3 glowing orange brains (Abyss:4)
  A salamander mystic (Snake:4)
  2 unseen horrors
  3 wizards
  30 starcursed masses (Abyss:4)
  A shadow dragon zombie (D:15)
  3 phantasmal warriors
  11 naga ritualists
  An orc knight (D:15)
  A necromancer (D:15)
  A deep elf mage (D:13)
  15 harpies
  6 mana vipers (Snake:1)
  12 ugly things
  A stone giant zombie (D:15)
  16 fauns
  5 salamanders
  6 manticores
  A wolf spider (D:15)
  3 worldbinders (Abyss:4)
  2 cyclopes
  3 merfolk sirens (Shoals:4)
  4 guardian serpents
  A torpor snail (Lair:4)
  A rust devil (Abyss:4)
  Maurice (D:8)
  An apocalypse crab (Abyss:5)
  2 centaur zombies (D:13)
  A black mamba (shapeshifter) (Abyss:4)
  3 smoke demons (Abyss:4)
  27 naga magi
  26 black mambas
  A gargoyle (D:13)
  2 orange demons (Abyss:4)
  5 centaur skeletons
  8 cane toads
  Maggie (D:8)
  3 kobold demonologists (D:13)
  2 efreet
  A rime drake (Lair:2)
  A yaktaur (D:15)
  A komodo dragon (Lair:2)
  14 ancient zymes
  4 freezing wraiths
  A rime drake (shapeshifter) (D:15)
  A hellwing (Abyss:4)
  8 merfolk
  A polar bear (Lair:4)
  3 wind drakes (Shoals:4)
  2 trolls
  An ice dragon zombie (D:15)
  15 raiju (Abyss:4)
  17 slime creatures
  A dream sheep (shapeshifter) (D:15)
  4 dream sheep (Shoals:3)
  An air elemental (Abyss:1)
  A centaur simulacrum (D:15)
  4 snapping turtles
  2 hippogriffs
  38 yaks
  4 wyverns
  6 wraiths
  4 ynoxinuls (Abyss:4)
  A vampire (D:13)
  Eustachio (D:4)
  20 humans (D:14)
  2 fire bats (Abyss:4)
  A fire elemental (D:12)
  11 small abominations
  Grum (D:8)
  3 chaos spawn (Abyss:4)
  A steam dragon (D:9)
  3 basilisks
  3 neqoxecs
  A spatial vortex (Abyss:4)
  12 vampire mosquitoes
  52 nagas
  4 hell hounds (Abyss:4)
  A two-headed ogre zombie (D:10)
  14 water moccasins
  3 acid dragons
  A black bear (shapeshifter) (D:13)
  4 orc warriors
  3 porcupines
  3 ice beasts
  2 sky beasts
  A black bear (D:8)
  5 eyes of draining
  12 wolves
  A phantom (D:9)
  4 ogres
  16 centaurs
  12 crocodiles
  14 big kobolds
  4 lemures (D:5)
  A gnoll sergeant (D:7)
  14 bullfrogs
  4 scorpions
  A wyvern skeleton (D:14)
  5 killer bees
  A troll zombie (D:10)
  An electric eel (Lair:4)
  18 wights
  5 howler monkeys
  4 bullfrog zombies
  3 lava snakes
  9 hounds
  A bullfrog skeleton (D:12)
  5 jellies
  Crazy Yiuf (D:4)
  11 orc priests
  14 orc wizards
  8 worker ants
  6 iguanas
  4 ogre zombies (D:10)
  4 hound skeletons
  2 worker ant zombies
  7 gnolls
  A howler monkey skeleton (D:4)
  9 adders
  3 shadow imps
  4 white imps
  2 ufetubi
  2 oozes
  An adder skeleton (D:4)
  2 worms (D:3)
  4 leopard geckos
  52 orcs
  3 giant cockroaches
  A goblin (D:3)
  A hobgoblin (D:2)
  7 jackals
  3 quokkas
  4 ball pythons
  A ball python skeleton (D:4)
  3 bats
  A frilled lizard (D:4)
  2 goblin skeletons
  5 goblin zombies
  2 hobgoblin skeletons (D:10)
  3 hobgoblin zombies
  A jackal zombie (D:6)
  26 kobolds
  2 kobold skeletons (D:8)
  2 kobold zombies (D:8)
  A leopard gecko zombie (D:7)
  4 orc skeletons
  8 orc zombies (D:10)
  2 quokka skeletons (D:4)
  A rat (D:2)
  3 starspawn tentacles (Abyss:4)
  4 tentacles (Shoals:4)
1011 creatures vanquished.

Vanquished Creatures (collateral kills)
  Gastronok (D:10)
  A nagaraja (Snake:4)
  A fire dragon (D:15)
  A naga warrior (Snake:4)
  A centaur warrior (D:15)
  4 hydras
  A naga sharpshooter (Snake:4)
  A fire giant zombie (D:15)
  An ugly thing (D:11)
  2 merfolk (Shoals:4)
  A shadow (D:10)
  A wraith (D:15)
  A basilisk (Lair:4)
  4 nagas
  2 vampire mosquitoes (D:15)
  An ogre (D:12)
  2 crocodiles (Lair:4)
  4 wights
  2 howler monkeys (D:10)
  An orc wizard (D:10)
  2 ogre zombies (D:10)
  An adder (D:12)
  2 goblin zombies (D:10)
  An orc skeleton (D:10)
  5 orc zombies (D:10)
44 creatures vanquished.

Vanquished Creatures (others)
  A tentacled starspawn (Abyss:5)
  A kraken (Shoals:4)
  A merfolk impaler (Shoals:4)
  An alligator snapping turtle (Shoals:4)
  An ugly thing (Abyss:4)
  2 raiju (Abyss:5)
  A yak (D:9)
  A spatial vortex (Abyss:5)
  A naga (Snake:4)
  An acid dragon (D:15)
  2 small abominations (Abyss:4)
  An orc wizard (D:4)
  8 fungi
  A lurking horror (Abyss:4)
  33 plants
  4 starspawn tentacles (Abyss:4)
  8 tentacles (Shoals:4)
  12 withered plants (D:15)
80 creatures vanquished.

Grand Total: 1135 creatures vanquished

Notes
Turn   | Place    | Note
-------+----------+-------------------------------------------
     0 | D:1      | Flugslaktarn the Deep Dwarf Fighter began the quest for the
                  | Orb.
     0 | D:1      | Reached XP level 1. HP: 20/20 MP: 1/1
   187 | D:2      | Reached XP level 2. HP: 20/27 MP: 2/2
   269 | D:3      | Reached XP level 3. HP: 25/34 MP: 3/3
   273 | D:3      | Reached skill level 3 in Axes
   491 | D:3      | Reached XP level 4. HP: 21/42 MP: 4/4
   519 | D:4      | Reached XP level 5. HP: 45/50 MP: 5/5
   558 | D:4      | Noticed Eustachio
   666 | D:4      | Killed Eustachio
   666 | D:4      | Reached skill level 4 in Axes
   666 | D:4      | Reached XP level 6. HP: 28/57 MP: 6/6
   902 | D:4      | Found a glowing drain.
   919 | Sewer    | Entered a sewer
   949 | D:4      | Reached skill level 5 in Axes
  1017 | D:4      | Reached XP level 7. HP: 47/66 MP: 7/7
  1044 | D:4      | Found a blossoming altar of Fedhas.
  1196 | D:4      | Found a runed translucent door.
  1197 | D:4      | Noticed Crazy Yiuf
  1468 | D:4      | Found a burning altar of Makhleb.
  1475 | D:4      | Became a worshipper of Makhleb the Destroyer
  1644 | D:4      | Killed Crazy Yiuf
  1689 | D:5      | Entered Level 5 of the Dungeon
  1796 | D:5      | Reached skill level 5 in Fighting
  1819 | D:5      | Reached skill level 1 in Invocations
  1895 | D:5      | Found Uloshadgh's General Store.
  1930 | D:5      | Found a basalt altar of Yredelemnul.
  1931 | D:5      | Found a bloodstained altar of Trog.
  2007 | D:5      | Reached skill level 5 in Armour
  2048 | D:5      | Reached skill level 6 in Axes
  2048 | D:5      | Reached skill level 5 in Shields
  2439 | D:6      | Reached XP level 8. HP: 30/75 MP: 8/8
  2479 | D:6      | Reached * piety under Makhleb
  2733 | D:6      | Reached skill level 7 in Axes
  2768 | D:6      | Found a white marble altar of Elyvilon.
  2947 | D:7      | Found Roczyvics's Magic Scroll Shoppe.
  2956 | D:7      | Bought a scroll of blinking for 105 gold pieces
  2974 | D:7      | Found Vupleet's Distillery.
  3047 | D:7      | Found a broken altar of Ashenzari.
  3092 | D:7      | Noticed a cyclops
  3100 | D:7      | Reached ** piety under Makhleb
  3114 | D:7      | Gained mutation: You passively map the area around you.
                  | [Deep Dwarf growth]
  3114 | D:7      | Reached XP level 9. HP: 30/85 MP: 10/10
  3128 | D:7      | Killed a cyclops
  3263 | D:7      | Reached skill level 8 in Axes
  3388 | D:7      | Found a staircase to the Ecumenical Temple.
  3463 | D:7      | Found Heuseut's Antique Armour Boutique.
  3466 | D:7      | Bought a pair of runed gloves for 172 gold pieces
  3554 | D:7      | Reached skill level 1 in Dodging
  3704 | D:8      | Noticed Maurice
  3819 | D:8      | Noticed Maggie
  3822 | D:8      | Killed Maurice
  3822 | D:8      | Reached skill level 5 in Invocations
  3822 | D:8      | Reached skill level 1 in Evocations
  3829 | D:8      | Cast into level 1 of the Abyss (Maggie)
  3944 | Abyss:2  | Found an opulent altar of Gozag.
  3947 | Abyss:2  | Found a burning altar of Makhleb.
  4037 | D:8      | Escaped the Abyss
  4052 | D:8      | Gained mutation: Your flesh is cold resistant. (rC+)
                  | [potion of mutation]
  4052 | D:8      | Lost mutation: Your flesh is cold resistant. (rC+) [potion
                  | of mutation]
  4052 | D:8      | Gained mutation: You have supernaturally acute eyesight.
                  | (SInv) [potion of mutation]
  4056 | D:8      | Killed Maggie
  4081 | D:8      | Reached *** piety under Makhleb
  4086 | D:8      | Found a glowing golden altar of the Shining One.
  4209 | D:8      | Reached XP level 10. HP: 46/96 MP: 8/8
  4276 | D:8      | Reached skill level 9 in Axes
  4347 | D:8      | Noticed Grum
  4367 | D:8      | Killed Grum
  4434 | D:8      | Found a staircase to the Lair.
  4551 | D:8      | Found a shimmering blue altar of Sif Muna.
  4551 | D:8      | Found a shimmering altar of Xom.
  4551 | D:8      | Found a hazy altar of Hepliaklqana.
  4551 | D:8      | Found an opulent altar of Gozag.
  4862 | D:8      | Found an ornate altar of the Wu Jian Council.
  5020 | D:9      | Reached **** piety under Makhleb
  5426 | D:9      | Reached skill level 10 in Axes
  6002 | D:10     | Entered Level 10 of the Dungeon
  6058 | D:10     | Reached XP level 11. HP: 104/104 MP: 1/8
  6146 | D:10     | Noticed Gastronok
  6157 | D:10     | Killed Gastronok
  6199 | D:10     | Found a staircase to the Orcish Mines.
  6215 | D:10     | Noticed Erolcha
  6216 | D:10     | Reached ***** piety under Makhleb
  6227 | D:10     | Killed Erolcha
  6244 | D:10     | Got a coiled brass ring
  6367 | D:10     | Noticed Urug
  6403 | D:10     | Killed Urug
  6403 | D:10     | Reached skill level 5 in Dodging
  6403 | D:10     | Reached skill level 5 in Evocations
  6428 | D:10     | Noticed Nergalle
  6459 | D:10     | Killed Nergalle
  7124 | D:11     | Identified the ring "Inoomp" {Fire +Blink Int+6} (You found
                  | it on level 10 of the Dungeon)
  7174 | D:11     | Noticed a two-headed ogre
  7188 | D:11     | Killed a two-headed ogre
  7292 | D:11     | Noticed a purple ugly thing
  7308 | D:11     | Killed a purple ugly thing
  7308 | D:11     | Reached skill level 11 in Axes
  7450 | D:11     | Noticed a centaur warrior
  7466 | D:11     | Killed a centaur warrior
  7883 | D:12     | Noticed a two-headed ogre
  7892 | D:12     | Killed a two-headed ogre
  7987 | D:12     | Reached skill level 10 in Fighting
  8061 | D:12     | Noticed a white ugly thing
  8081 | D:12     | Killed a white ugly thing
  8081 | D:12     | Reached XP level 12. HP: 61/116 MP: 10/10
  8596 | D:12     | Noticed an eight-headed hydra
  8617 | D:12     | Killed a 12-headed hydra
  8905 | D:13     | Noticed Nessos
  8961 | D:13     | Killed Nessos
  9040 | D:13     | Lost mutation: You have supernaturally acute eyesight.
                  | (SInv) [potion of mutation]
  9040 | D:13     | Gained mutation: Your flesh is cold resistant. (rC+)
                  | [potion of mutation]
  9040 | D:13     | Gained mutation: Your mind is acute. (Int +2) [potion of
                  | mutation]
  9076 | D:13     | Found Saqyobla's Distillery.
  9175 | D:13     | Noticed a centaur warrior
  9184 | D:13     | Reached skill level 12 in Axes
  9210 | D:13     | Killed a centaur warrior
  9212 | D:13     | Lost mutation: Your flesh is cold resistant. (rC+) [potion
                  | of mutation]
  9212 | D:13     | Lost mutation: Your mind is acute. (Int +2) [potion of
                  | mutation]
  9212 | D:13     | Gained mutation: You are clumsy. (Dex -2) [potion of
                  | mutation]
  9212 | D:13     | Lost mutation: You are clumsy. (Dex -2) [potion of
                  | mutation]
  9213 | D:13     | Gained mutation: You are clumsy. (Dex -2) [potion of
                  | mutation]
  9213 | D:13     | Gained mutation: You are robust. (+10% HP) [potion of
                  | mutation]
  9213 | D:13     | Gained mutation: You have large cloven feet. [potion of
                  | mutation]
  9213 | D:13     | Gained mutation: Your spells are a little harder to cast,
                  | but a little more powerful. [potion of mutation]
  9632 | D:13     | Noticed an ettin
  9635 | D:13     | Noticed an eight-headed hydra
  9635 | D:13     | a tyrant leech changed into an eight-headed hydra
  9648 | D:13     | Noticed a satyr
  9648 | D:13     | a 13-headed hydra changed into a satyr
  9655 | D:13     | Noticed an eight-headed hydra
  9655 | D:13     | a satyr changed into an eight-headed hydra
  9658 | D:13     | Noticed a queen ant
  9658 | D:13     | an eight-headed hydra changed into a queen ant
  9659 | D:13     | Noticed an entropy weaver
  9659 | D:13     | a queen ant changed into an entropy weaver
  9665 | D:13     | Noticed an ice dragon
  9665 | D:13     | an entropy weaver changed into an ice dragon
  9666 | D:13     | Noticed a satyr
  9666 | D:13     | an ice dragon changed into a satyr
  9668 | D:13     | Noticed an entropy weaver
  9668 | D:13     | a satyr changed into an entropy weaver
  9966 | D:14     | Reached XP level 13. HP: 139/139 MP: 9/9
 10097 | D:14     | Reached skill level 10 in Invocations
 10112 | D:14     | Reached ****** piety under Makhleb
 10218 | D:14     | Reached skill level 13 in Axes
 10218 | D:14     | Reached skill level 10 in Armour
 10695 | D:14     | Found a broken altar of Ashenzari.
 10900 | D:14     | Found a gate to the Vaults.
 10960 | D:15     | Entered Level 15 of the Dungeon
 11085 | D:15     | Noticed a fire dragon
 11089 | D:15     | Found a large runed translucent door.
 11129 | D:15     | Killed a fire dragon
 11138 | D:15     | Found a large runed translucent door.
 11207 | D:15     | Gained mutation: You resist negative energy. (rN+) [Deep
                  | Dwarf growth]
 11207 | D:15     | Reached XP level 14. HP: 116/149 MP: 10/10
 11558 | D:15     | Found a staircase to the Depths.
 11576 | D:15     | Reached skill level 14 in Axes
 12006 | D:15     | Found a glowing silver altar of Zin.
 12031 | D:15     | Found a burning altar of Makhleb.
 12334 | Lair:1   | Entered Level 1 of the Lair of Beasts
 12480 | Lair:2   | Found the +7 great mace "Undeadhunter" {disrupt, rN+}
 12628 | Lair:2   | Reached skill level 10 in Evocations
 13721 | Lair:3   | Found a runed translucent door.
 14092 | Lair:4   | Found a staircase to the Snake Pit.
 14629 | Lair:4   | Found a staircase to the Shoals.
 14792 | Snake:1  | Entered Level 1 of the Snake Pit
 14848 | Snake:1  | Reached XP level 15. HP: 160/160 MP: 2/8
 14904 | Snake:1  | Found Koluve's Jewellery Emporium.
 14904 | Snake:1  | Found Wisuh's Gadget Boutique.
 14905 | Snake:1  | Found Paekhypn's Gadget Boutique.
 14914 | Snake:1  | Bought a condenser vane (2/2) for 220 gold pieces
 14922 | Snake:1  | Bought a tin of tremorstones (3/3) for 440 gold pieces
 14938 | Snake:1  | Noticed Roxanne
 14967 | Snake:1  | Reached skill level 15 in Axes
 15069 | Snake:1  | Found Rysarr's Antique Weapon Boutique.
 15625 | Snake:4  | Entered Level 4 of the Snake Pit
 15656 | Snake:4  | Noticed a nagaraja
 15669 | Snake:4  | Killed a nagaraja
 15916 | Snake:4  | Reached skill level 16 in Axes
 16031 | Snake:4  | Noticed a nagaraja
 16031 | Snake:4  | Noticed a nagaraja
 16034 | Snake:4  | Noticed a nagaraja
 16054 | Snake:4  | Killed a nagaraja
 16056 | Snake:4  | Reached XP level 16. HP: 130/172 MP: 8/10
 16277 | Snake:4  | Got a serpentine rune of Zot
 16454 | Shoals:1 | Entered Level 1 of the Shoals
 16502 | Shoals:1 | Reached skill level 17 in Axes
 16513 | Shoals:2 | Noticed Polyphemus
 16609 | Shoals:2 | Killed Polyphemus
 16796 | Shoals:4 | Entered Level 4 of the Shoals
 17329 | Shoals:4 | Reached XP level 17. HP: 182/182 MP: 7/7
 17348 | Shoals:4 | Noticed a kraken
 17372 | Shoals:4 | Killed a kraken
 17449 | Shoals:4 | Got a barnacled rune of Zot
 17519 | Shoals:4 | Noticed a kraken
 17538 | Shoals:4 | Killed a kraken
 17538 | Shoals:4 | Reached skill level 10 in Shields
 17815 | Snake:1  | Bought the ring of Adaekuetz {rElec rC+ Int+2 Slay+3 SInv}
                  | for 1020 gold pieces
 18207 | D:15     | Cast into level 3 of the Abyss (unwielding a weapon of
                  | distortion)
 18207 | Abyss:3  | Found a corrupted altar of Lugonu.
 18271 | Abyss:4  | Reached skill level 18 in Axes
 18404 | Abyss:4  | Noticed a Brimstone Fiend
 18469 | Abyss:4  | Reached skill level 15 in Invocations
 18485 | Abyss:4  | Gained mutation: Your mind is acute. (Int +2) [a neqoxec]
 18571 | Abyss:4  | Paralysed by accursed screaming for 1 turns
 18630 | Abyss:4  | Noticed a Hell Sentinel
 18644 | Abyss:4  | Paralysed by accursed screaming for 1 turns
 18661 | Abyss:4  | Noticed a tentacled monstrosity
 18666 | Abyss:4  | Killed a Hell Sentinel
 18677 | Abyss:4  | Killed a tentacled monstrosity
 18677 | Abyss:4  | Noticed a hellephant
 18731 | Abyss:4  | Killed a hellephant
 18731 | Abyss:4  | Gained mutation: You passively map a large area around you.
                  | [Deep Dwarf growth]
 18731 | Abyss:4  | Reached XP level 18. HP: 183/193 MP: 2/9
 18739 | Abyss:4  | Noticed a bone dragon
 18758 | Abyss:4  | Killed a bone dragon
 18792 | Abyss:4  | Reached skill level 19 in Axes
 18905 | Abyss:4  | Paralysed by accursed screaming for 2 turns
 18919 | Abyss:4  | Gained mutation: Armour fits poorly on your strangely
                  | shaped body. [a cacodemon]
 19070 | Abyss:4  | Reached skill level 15 in Fighting
 19093 | Abyss:4  | Paralysed by accursed screaming for 1 turns
 19240 | Abyss:5  | Entered Level 5 of the Abyss
 19359 | Abyss:5  | Noticed a bone dragon
 19400 | Abyss:5  | Killed a bone dragon
 19408 | Abyss:5  | Gained mutation: Your magical capacity is low. (-10% MP) [a
                  | neqoxec]
 19409 | Abyss:5  | Killed from afar by a red draconian annihilator

Illustrated notes

Levels and vault maps discovered:
D:1:      wander_arrival_desolate, layout_loops_ring
D:2:      kennysheep_six_static_rooms, layout_basic,
          nicolae_overflow_hidden_temple, serial_bayou, serial_bayou_shore_b,
          serial_bayou_pond_a, serial_bayou_lagoon_b, serial_bayou_lagoon_a,
          feat_on_display
D:3:      layout_loops_ring, minitemple, st_stairs_4
D:4:      layout_loops_corners, fedhas_altar_2, makhleb_heckhound_becter,
          portal_sewer_entry_f, grunt_decor_cap, uniq_crazy_yiuf_cottage,
          uniq_eustachio
D:5:      layout_basic, grunt_temple_overflow_open, serial_shops,
          nicolae_shop_statue_plus, uniq_pikel
D:6:      layout_rooms, lemuel_doored_altar
D:7:      layout_rooms, nicolae_ashenzari_panopticon, minmay_temple_entry_mist,
          serial_shops, nicolae_shop_behind_doors,
          nicolae_shop_competitors_out_of_business, shop, minmay_manual_mess
D:8:      minmay_spotlight, layout_cave_pools, lemuel_coloured_pillars_altar,
          nicolae_tso_besieged_by_evil,
          chequers_temple_overflow_statue_of_worship, erik_lair_dragon,
          uniq_maurice, uniq_grum, uniq_maggie
D:9:      layout_gridville
D:10:     layout_basic, zombieorc2_lemuel, kennysheep_generic_room_12,
          uniq_gastronok, uniq_erolcha, uniq_nergalle, uniq_urug
D:11:     layout_stronghold
D:12:     layout_basic, kennysheep_diamond
D:13:     minmay_mutant_horseshoe, layout_loops_ring, serial_shops, shop,
          uniq_nessos
D:14:     layout_irregular_city, grunt_vaults_entry_tiered, lemuel_statue_altar
D:15:     gammafunk_depths_entry_grave, layout_basic, serial_corexii_hall,
          corexii_hall_statues_t, corexii_hall_statues_u,
          corexii_hall_statues_x, corexii_hall_statues_l,
          minmay_misc_feat_four_crosses, hangedman_decor_points, hex_medium,
          jmf_multi_god_temple2
Lair:1:   beast_lair_carwin_large_2, layout_chaotic_city, uniq_fannar
Lair:2:   layout_regular_city, beast_lair_carwin_4, infiniplex_staircase_pool
Lair:3:   gammafunk_mikee_crab_dinner, layout_regular_city
Lair:4:   layout_gridlike, elwin_shoals_entry_rooms,
          minmay_snake_entry_guardpost_medium, nzn_random_ring
Shoals:1: cheibrodos_shoals_roost, layout_shoals,
          nicolae_shoals_square_sea_wall, uniq_kirke, uniq_louise
Shoals:2: layout_shoals, ebering_ghost_rock_garden, lightli_airlock,
          uniq_polyphemus
Shoals:3: layout_shoals
Shoals:4: shoals_end_hangedman, layout_shoals
Snake:1:  cheibrodos_forgotten_conduit, layout_rooms, serial_shops, shop,
          minmay_shop_grove, uniq_roxanne
Snake:2:  layout_chambers, lemuel_fruit_tree
Snake:3:  layout_basic
Snake:4:  snake_pit, layout_cave_town, serial_shops, nicolae_shop_crystal,
          hangedman_snake_corridor_cut
Abyss:5:  base: Snake:1, base: Lair:4, base: Temple, base: Orc:2,
          evilmike_abyss_rune_siren_acolytes, evilmike_abyss_exit_4,
          eino_small_chamber_without_monster, hangedman_eye_storm,
          evilmike_abyss_exit_mutagenic, minivault_1, lemuel_flamethrower_hall,
          nicolae_abyss_rune_left_handed

Skill      XL: |  1  2  3  4  5  6  7  8  9 10 11 12 13 14 15 16 17 18 |
---------------+-------------------------------------------------------+-----
Fighting       | 3 4 5 6 7 8 10 11 12 13 14 15 | 15.1
Axes           | 3 4 5 6 7 8 10 11 12 13 14 16 17 18 19 | 19.6
Shields        | 4 5 6 8 9 11 | 11.9
Armour         | 4 5 6 7 8 9 10 11 12 13 14 | 14.7
Invocations    | 2 4 5 7 8 9 10 12 13 14 15 | 15.0
Dodging        | 2 4 6 7 8 9 |  9.6
Evocations     | 2 4 6 7 9 10 | 10.0

Action                   |  1- 3 |  4- 6 |  7- 9 | 10-12 | 13-15 | 16-18 || total
-------------------------+-------+-------+-------+-------+-------+-------++-------
Melee: War axe           |    77 |   143 |   464 |   987 |   655 |       ||  2326
       Unarmed           |       |     1 |       |       |       |       ||     1
       Broad axe         |       |       |       |       |   889 |  1443 ||  2332
Invok: Lesser Servant of |       |       |       |     8 |     8 |     1 ||    17
       Greater Servant o |       |       |       |       |     2 |     1 ||     3
 Abil: Heal Wounds       |       |     4 |    19 |    26 |    12 |    19 ||    80
Evoke: Wand              |       |       |     7 |     3 |       |       ||    10
       Condenser vane    |       |       |       |       |     1 |     3 ||     4
       Tin of tremorston |       |       |       |       |     1 |     2 ||     3
  Use: Scroll            |       |       |    11 |    13 |     9 |     8 ||    41
       Potion            |       |       |     3 |     6 |       |     1 ||    10
 Stab: Distracted        |       |       |       |     7 |     3 |       ||    10
       Petrified         |       |       |       |       |     5 |       ||     5
       Petrifying        |       |       |       |       |     2 |       ||     2
       Invisible         |       |       |       |       |       |     2 ||     2
Armor: Scale mail        |    35 |    20 |       |       |       |       ||    55
       Chain mail        |       |   131 |   254 |   158 |       |       ||   543
       Skin              |       |       |    22 |       |       |       ||    22
       Plate armour      |       |       |       |   523 |  1296 |   788 ||  2607
Dodge: Dodged            |    24 |    83 |   119 |   385 |   791 |   933 ||  2335
Block: Kite shield       |    33 |   131 |   346 |   639 |  1019 |   932 ||  3100

Table legend: (Time is in decaauts)
 A = Elapsed time spent in this place.
 B = Non-inter-level travel time spent in this place.
 C = Inter-level travel time spent in this place.
 D = Time resting spent in this place.
 E = Time spent auto-exploring this place.
 F = Levels seen in this place.
 G = Mean time per level.
                   A        B        C        D        E       F      G
               +--------+--------+--------+--------+--------+-----+--------+
         Total |  19285 |  17688 |   1597 |    291 |  10510 |  34 |  567.2 |
       Dungeon |  12510 |  11503 |   1007 |    256 |   7319 |  15 |  834.0 |
          Lair |   2636 |   2393 |    243 |      0 |   1840 |   4 |  659.0 |
        Shoals |   1245 |   1139 |    106 |     20 |    392 |   4 |  311.2 |
     Snake Pit |   1609 |   1369 |    240 |      0 |    585 |   4 |  402.2 |
         Abyss |   1251 |   1251 |      0 |     15 |    367 |   6 |  208.5 |
         Sewer |     31 |     31 |      0 |      0 |      7 |   1 |   31.0 |
               +--------+--------+--------+--------+--------+-----+--------+

Top non-repeatable levels by time:
     D:8: 1272 daAuts
     D:4: 1210 daAuts
    D:13: 1206 daAuts
     D:9: 1062 daAuts
    D:14: 1051 daAuts
    D:12: 1040 daAuts
    D:15: 1036 daAuts
    D:11: 1029 daAuts
  Lair:4: 987 daAuts
    D:10: 968 daAuts
 Abyss:4: 852 daAuts
Shoals:4: 846 daAuts
     D:7: 783 daAuts
  Lair:3: 770 daAuts
  Lair:2: 738 daAuts
